 Dungeon Crawl Stone Soup version 0.28.0-49-g6dfe1f597d (webtiles) character file.

Game seed: 10123550590009334295

1388 NinjaNoafa the Firebug (level 8, 0/96 HPs)
             Began as a Gnoll Wanderer on May 11, 2022.
             Was an Initiate of Gozag.
             Slain by Menkaure (9 damage)
             ... on level 6 of the Dungeon.
             The game lasted 00:15:54 (6982 turns).

NinjaNoafa the Firebug (Gnoll Wanderer)             Turns: 6982, Time: 00:15:56

Health: 0/96       AC: 24    Str: 11    XL:     8   Next: 68%
Magic:  5/14       EV:  2    Int: 23    God:    Gozag
Gold:   220        SH:  0    Dex: 18    Spells: 10/16 levels left

rFire   x . .      SeeInvis .   o - +4 hand axe of Fortitude {vorpal, *Rage Int+3 Dex+5}
rCold   + . .      Faith    .   (no shield)
rNeg    . . .      Spirit   .   (armour currently unavailable)
rPois   +          Reflect  .   (helmet currently unavailable)
rElec   .          Harm     .   (cloak currently unavailable)
rCorr   .          Rampage  .   (gloves currently unavailable)
Will    .....      Rage     20% (boots currently unavailable)
Stlth   +++....... NoTele   +   (no amulet)
HPRegen 0.26/turn               t - ring of poison resistance
MPRegen 0.14/turn               v - ring "Juol" {Ice Str+3 Int+4}

@: tree-form, on berserk cooldown
A: stationary, stasis, torment immunity, boosted hp, (fangs 1), strong nose,
distributed training
a: Renounce Religion, Potion Petition, Call Merchant, Bribe Branch


You were on level 6 of the Dungeon.
You worshipped Gozag.
Gozag was aware of your devotion.
You were a tree.
You visited 2 branches of the dungeon, and saw 7 of its levels.

You collected 724 gold pieces.
You spent 465 gold pieces at shops.
You paid 39 gold pieces to Gozag.

Inventory:

Hand Weapons
 a - a +3 quarterstaff
 o - the +4 hand axe of Fortitude (weapon) {vorpal, *Rage Int+3 Dex+5}
   (You bought it in a shop on level 2 of the Dungeon)

   It inflicts extra damage upon your enemies.
   Int:       It affects your intelligence (+3).
   Dex:       It affects your dexterity (+5).
   *Rage:     It berserks you when you make melee attacks (+20% chance).
Missiles
 c - 2 silver boomerangs
 g - 196 stones
 h - 76 arrows
 k - 23 poisoned darts (quivered)
 p - 29 bolts
Armour
 e - a +2 robe (melded)
 f - a +0 robe of willpower
 q - a +0 cloak (melded)
 u - the +3 pair of seven-league boots (melded) {Rampage+∞}
   (You acquired it on level 6 of the Dungeon)

   Its wearer moves as far as possible in that direction when moving towards
   enemies.
Jewellery
 t - a ring of poison resistance (left branch)
 v - the ring "Juol" (right branch) {Ice Str+3 Int+4}
   (You acquired it on level 6 of the Dungeon)

   [ring of ice]

   It enhances your ice magic.
   Str:       It affects your strength (+3).
   Int:       It affects your intelligence (+4).
   rF:        It makes you vulnerable to fire.
   rC:        It protects you from cold.
 y - a ring of willpower
Wands
 w - a wand of iceblast (6)
Scrolls
 d - a scroll of immolation
 j - a scroll of brand weapon
Potions
 b - a potion of mutation
 m - a potion of attraction
 n - a potion of flight
 s - 3 potions of brilliance


   Skills:
 + Level 5.8 Fighting
 + Level 3.4 Short Blades
 + Level 3.4 Long Blades
 + Level 3.4 Axes
 + Level 3.4 Maces & Flails
 + Level 3.4 Polearms
 + Level 4.4 Staves
 + Level 3.4 Slings
 + Level 3.4 Bows
 + Level 3.4 Crossbows
 + Level 3.4 Throwing
 + Level 4.4 Armour
 + Level 5.8 Dodging
 + Level 3.4 Stealth
 + Level 3.4 Shields
 + Level 3.4 Unarmed Combat
 + Level 4.5 Spellcasting
 + Level 2.8 Conjurations
 + Level 2.8 Hexes
 + Level 2.8 Summonings
 + Level 2.8 Necromancy
 + Level 2.8 Translocations
 + Level 2.8 Transmutations
 + Level 6.2 Fire Magic
 + Level 2.8 Ice Magic
 + Level 2.8 Air Magic
 + Level 2.8 Earth Magic
 + Level 2.8 Poison Magic
 + Level 3.8 Invocations
 + Level 3.4 Evocations


You had 10 spell levels left.
You knew the following spells:

 Your Spells              Type           Power      Damage    Failure   Level
a - Foxfire               Conj/Fire      100%       2x1d9     1%          1
b - Scorch                Fire           66%        2d8       1%          2
c - Magic Dart            Conj           72%        1d6       3%          1
d - Call Imp              Summ           18%        N/A       4%          2

Your spell library contained the following spells:

 Spells                   Type           Power      Damage    Failure   Level
 Inner Flame              Hex/Fire       26%        N/A       4%          3
 Mephitic Cloud           Conj/Pois/Air  18%        N/A       9%          3
 Flame Wave               Conj/Fire      26%        2d7       16%         4
 Summon Cactus Giant      Summ           9%         N/A       99%         6


Dungeon Overview and Level Annotations

Branches:
Dungeon (6/15)             Temple (1/1) D:4

Altars:
Cheibriados
Dithmenos
Elyvilon
Gozag
Makhleb
Okawaru
Uskayaw
Vehumet
Wu Jian
Yredelemnul
Zin
The Shining One

Shops:
D:1 *:*   D:2 *

Annotations:
D:6 Menkaure, Pikel


Innate Abilities, Weirdness & Mutations

You are a tree.
Your roots penetrate the ground, keeping you stationary.
You cannot be teleported.
You are immune to unholy pain and torment.
Your maximum health is greatly increased.
Your equipment is partially melded.
((You have very sharp teeth.))
Your uncanny sense of smell can sniff out nearby items.
Your experience applies equally to all skills.


Message History

You feel better. Pikel hits you but does no damage.
The lemure hits you but does no damage. x2; Pikel hits you but does no damage.
The lemure hits you but does no damage.
As you read the scroll of fear, it crumbles to dust.
You assume a fearsome visage.
Pikel looks frightened!
The lemure looks frightened! x4; Menkaure is unaffected.
The necrophage is unaffected.
Casting: Scorch (safe; 1% risk of failure)
Confirm with . or Enter, or press ? or * to list all spells.
Flames lash the lemure.
Your attack snaps the lemure out of its fear.
The lemure is moderately wounded.
The lemure's fire resistance burns away.
Pikel pleads, "Why can't we all just get along?"
The necrophage hits you but does no damage. x2
Casting: Scorch (safe; 1% risk of failure)
Confirm with . or Enter, or press ? or * to list all spells.
Aiming: Magic Dart (safe; 3% risk of failure)
Press: ? - help, Shift-Dir - straight line, f/p - Pikel
Aim: Pikel, wielding a +0 whip of freezing and wearing a +0 robe (severely wounded, fleeing, 100% to hit)
The magic dart hits Menkaure.
Menkaure is moderately damaged.
The necrophage hits you but does no damage.
The lemure hits you but does no damage. Menkaure hits you!
* * * LOW HITPOINT WARNING * * *
Okay, then.
As you read the scroll of fog, it crumbles to dust.
The scroll dissolves into smoke.
The necrophage hits you but does no damage.
Menkaure hits you but does no damage. The lemure hits you but does no damage.
The necrophage hits you but does no damage.
Unknown command.
You hit Menkaure.
Menkaure is heavily damaged.
You closely miss the necrophage. You hit the lemure but do no damage.
You feel yourself speed up.
The lemure is no longer more vulnerable to fire.
Menkaure hits you!
You die...
Your body crumbles into a pile of gold.

#.......##### ##..
#...........#### ##...
#.......###....###....
##.........###........
##...####..####.###.#
#.#.# ##...##.###..
#...# ###.##......
######§§#######.#.......
.....§5♣§...............
######nM#######.........
#..# ####........#
##....#............
#.........###.#...
............#.#...
.K............#...
.....5...#.#..##...
.......#...##.##..<


You could see Pikel (fleeing), 2 lemures, a necrophage and Menkaure (fast).

Vanquished Creatures
  Sigmund (D:5)
  Duvessa (D:5)
  A sky beast (D:4)
  A black bear (D:6)
  A centaur (D:5)
  4 scorpions
  A bullfrog (D:5)
  A wyvern skeleton (D:6)
  Dowan (D:5)
  A water moccasin skeleton (D:5)
  An orc priest (D:3)
  A gnoll shaman (D:5)
  A jelly (D:5)
  3 iguanas
  2 hound skeletons (D:4)
  11 adders
  5 gnolls (D:5)
  An ufetubus (D:6)
  2 worms
  A dart slug (D:3)
  11 orcs
  8 endoplasms
  2 giant cockroaches
  7 hobgoblins
  A jackal (D:3)
  4 kobolds
  2 quokkas
  2 ball pythons (D:1)
  9 bats
  4 frilled lizards
  2 goblins
  10 rats
103 creatures vanquished.

Vanquished Creatures (others)
  175 foxfires
175 creatures vanquished.

Grand Total: 278 creatures vanquished

Notes
Turn   | Place    | Note
-------+----------+-------------------------------------------
     0 | D:1      | NinjaNoafa the Gnoll Wanderer began the quest for the Orb.
     0 | D:1      | NinjaNoafa set off with the following items: a +1
                  | quarterstaff, a +0 robe; and the following spell memorised:
                  | Foxfire; and the following spells available to memorise:
                  | Inner Flame, Flame Wave
     0 | D:1      | Reached XP level 1. HP: 20/20 MP: 4/4
    26 | D:1      | Found Huwkudgh's General Store.
   223 | D:1      | Found Ezemis's Book Shoppe.
   248 | D:1      | Found Obizacwe's General Store.
   564 | D:1      | Reached XP level 2. HP: 26/26 MP: 3/5
   924 | D:1      | Found a faded altar of an unknown god.
  1652 | D:2      | Reached XP level 3. HP: 21/31 MP: 2/7
  1910 | D:2      | Found Sovum's Assorted Antiques.
  2116 | D:2      | Reached skill level 1 in Invocations
  2661 | D:3      | Reached skill level 1 in Short Blades
  2661 | D:3      | Reached skill level 1 in Long Blades
  2661 | D:3      | Reached skill level 1 in Axes
  2661 | D:3      | Reached skill level 1 in Maces & Flails
  2661 | D:3      | Reached skill level 1 in Polearms
  2661 | D:3      | Reached skill level 1 in Slings
  2661 | D:3      | Reached skill level 1 in Bows
  2661 | D:3      | Reached skill level 1 in Crossbows
  2661 | D:3      | Reached skill level 1 in Throwing
  2661 | D:3      | Reached skill level 1 in Stealth
  2661 | D:3      | Reached skill level 1 in Shields
  2661 | D:3      | Reached skill level 1 in Unarmed Combat
  2661 | D:3      | Reached skill level 1 in Evocations
  2917 | D:3      | Reached XP level 4. HP: 38/38 MP: 6/8
  3171 | D:3      | Identified the +1 scale mail of the Gloaming {Will++}
  3230 | D:3      | Reached skill level 1 in Conjurations
  3230 | D:3      | Reached skill level 1 in Hexes
  3230 | D:3      | Reached skill level 1 in Summonings
  3230 | D:3      | Reached skill level 1 in Necromancy
  3230 | D:3      | Reached skill level 1 in Translocations
  3230 | D:3      | Reached skill level 1 in Transmutations
  3230 | D:3      | Reached skill level 1 in Ice Magic
  3230 | D:3      | Reached skill level 1 in Air Magic
  3230 | D:3      | Reached skill level 1 in Earth Magic
  3230 | D:3      | Reached skill level 1 in Poison Magic
  3236 | D:3      | Learned a level 2 spell: Scorch
  3268 | D:3      | HP: 1/38 [poisoned by an adder]
  3283 | D:3      | Reached XP level 5. HP: 24/43 MP: 0/9
  3461 | D:3      | Found an opulent altar of Gozag.
  3465 | D:3      | Found a glowing silver altar of Zin.
  3469 | D:3      | Became a worshipper of Gozag Ym Sagoz the Greedy
  4374 | D:1      | Bought a book of Minor Magic for 180 gold pieces
  4777 | D:4      | Found a staircase to the Ecumenical Temple.
  4781 | D:4      | Noticed a sky beast
  4783 | D:4      | Killed a sky beast
  4784 | D:4      | Reached skill level 5 in Fighting
  4784 | D:4      | Reached skill level 5 in Dodging
  4784 | D:4      | Reached XP level 6. HP: 51/51 MP: 5/11
  4879 | D:5      | Entered Level 5 of the Dungeon
  4911 | D:5      | Reached XP level 7. HP: 45/56 MP: 0/12
  5105 | D:5      | Noticed Sigmund
  5123 | D:5      | Noticed Duvessa
  5123 | D:5      | Noticed Dowan
  5556 | D:5      | Reached skill level 6 in Fire Magic
  5556 | D:5      | Reached XP level 8. HP: 32/63 MP: 3/14
  5718 | Temple   | Entered the Ecumenical Temple
  5809 | D:4      | Learned a level 1 spell: Magic Dart
  5974 | D:2      | Bought a green potion for 21 gold pieces
  5974 | D:2      | Bought a scroll labelled ZUADASHR AJOENK for 24 gold pieces
  5974 | D:2      | Bought a dazzling hand axe for 192 gold pieces
  5974 | D:2      | Identified the +4 hand axe of Fortitude {vorpal, *Rage
                  | Int+3 Dex+5} (You bought it in a shop on level 2 of the
                  | Dungeon)
  5974 | D:2      | Bought a scroll of identify for 48 gold pieces
  6106 | D:5      | Killed Duvessa
  6110 | D:5      | Killed Dowan
  6155 | D:5      | Killed Sigmund
  6790 | D:6      | Identified 2 scrolls of acquirement
  6791 | D:6      | Acquired the ring "Juol" {Ice Str+3 Int+4}
  6793 | D:6      | Acquired the +3 pair of seven-league boots {Rampage+∞}
  6793 | D:6      | Found the +3 pair of seven-league boots {Rampage+∞}
  6958 | D:6      | Noticed Menkaure
  6958 | D:6      | Noticed Pikel
  6962 | D:6      | Learned a level 2 spell: Call Imp
  6982 | D:6      | Slain by Menkaure

Illustrated notes

Levels and vault maps discovered:
D:1:      lightli_arrival_isolated_outpost, layout_loops_corners,
          ebering_ecumenical_altar_ruins, serial_shops, nicolae_shop_stone,
          shop, shop
D:2:      layout_basic, serial_aquarium, aquarium_bridge_square
          [aquarium_subvault_bridge, aquarium_subvault_wall,
          aquarium_subvault_bridge, aquarium_subvault_wall],
          aquarium_window_fake, aquarium_window_corridor_1,
          aquarium_window_fake, aquarium_view_2c, aquarium_view_2e,
          serial_shops, shop, kennysheep_generic_room_11
D:3:      kb_forest_paths, layout_basic, grunt_temple_overflow_gold_and_silver
D:4:      layout_rooms, temple_fountains
D:5:      layout_cave_pools, uniq_duvessa, uniq_sigmund
D:6:      layout_rooms, chequers_mini_garden, uniq_pikel, uniq_maggie,
          uniq_menkaure
Temple:   cyrus_temple_forest

Skill      XL: |  1  2  3  4  5  6  7  8 |
---------------+-------------------------+-----
Invocations    | 1 2 3 |  3.8
Short Blades   | 1 2 3 |  3.4
Long Blades    | 1 2 3 |  3.4
Axes           | 1 2 3 |  3.4
Maces & Flails | 1 2 3 |  3.4
Polearms       | 1 2 3 |  3.4
Slings         | 1 2 3 |  3.4
Bows           | 1 2 3 |  3.4
Crossbows      | 1 2 3 |  3.4
Throwing       | 1 2 3 |  3.4
Stealth        | 1 2 3 |  3.4
Shields        | 1 2 3 |  3.4
Unarmed Combat | 1 2 3 |  3.4
Evocations     | 1 2 3 |  3.4
Spellcasting   | 3 4 |  4.5
Conjurations   | 1 2 |  2.8
Hexes          | 1 2 |  2.8
Summonings     | 1 2 |  2.8
Necromancy     | 1 2 |  2.8
Translocations | 1 2 |  2.8
Transmutations | 1 2 |  2.8
Ice Magic      | 1 2 |  2.8
Air Magic      | 1 2 |  2.8
Earth Magic    | 1 2 |  2.8
Poison Magic   | 1 2 |  2.8
Staves         | 3 4 |  4.4
Armour         | 3 4 |  4.4
Fighting       | 5 |  5.8
Dodging        | 5 |  5.8
Fire Magic     | 6 |  6.2

Action                   |  1- 3 |  4- 6 |  7- 9 || total
-------------------------+-------+-------+-------++-------
Melee: Quarterstaff      |    46 |    40 |    13 ||    99
       Bite              |     3 |     2 |     4 ||     9
       Hand axe          |       |       |    30 ||    30
Throw: Dart              |       |     7 |     2 ||     9
 Cast: Foxfire           |    42 |    33 |    33 ||   108
       Scorch            |       |    23 |    12 ||    35
       Magic Dart        |       |       |     3 ||     3
       Call Imp          |       |       |     1 ||     1
  Use: Potion            |       |     5 |     6 ||    11
       Scroll            |       |       |    20 ||    20
 Stab: Sleeping          |       |     1 |       ||     1
Armor: Robe              |     9 |     7 |    21 ||    37
       Skin              |       |       |    21 ||    21
Dodge: Dodged            |    45 |    68 |    70 ||   183
